AoeStats
← 17_Neo_

Arabia

507255987Analyzed
1v1 RM · 15d ago on Sep 17, 2026· 26m 35s· 2 players
Game mode
Random Map
Map size
Tiny (2 player)
Population
200
Speed
Normal
Resources
Standard
Victory
Conquest
Starting age
Dark Age
Ending age
Imperial Age
RankedLock teamsTeams togetherTeam positionsShared explorationLock speedFull tech treeHidden civsTurbo modeCheats
Victory
Defeat
🇨🇴 Maya · Colombia
1672
+18
🇨🇳 Hindustanis · China
1722
-18
17_Neo_
0:27 Loom
12:03 Feudal Age
16:21 Castle Age
15:06 Fletching
16:38 Crossbowman
18:15 Bodkin Arrow
19:25 Ballistics
21:06 Padded Archer Armor
21:31 Thumb Ring
24:24 Town Watch
25:14 Horse Collar
25:22 Double-Bit Axe
はちみ
6:33 Loom
8:52 Feudal Age
9:31 Double-Bit Axe
19:04 Castle Age
17:17 Fletching
17:48 Gold Mining
19:07 Crossbowman
21:34 Bow Saw
21:47 Bodkin Arrow
21:53 Stone Mining
22:39 Elite Skirmisher
23:56 Padded Archer Armor
26:52 Squires
Connection lost

Rejoining the realm…

Still unreachable

The connection could not be restored.

Session expired

The server has moved on; the page needs a fresh start.